 Dungeon Crawl Stone Soup version 0.31-a0-408-gb642c7f9a3 (webtiles) character file.

Game seed: 14777730977942615879

371 LeprechaunX the Ruffian (level 6, -2/32 (34) HPs)
             Began as an Octopode Shapeshifter on July 30, 2023.
             Was a Follower of Hepliaklqana.
             Slain by an orc
             ... wielding a +0 hand axe
              (5 damage)
             ... on level 3 of the Dungeon.
             The game lasted 00:04:03 (2382 turns).

LeprechaunX the Ruffian (Octopode Shapeshifter)     Turns: 2382, Time: 00:04:04

HP:   -2/32 (34)    AC:  1    Str: 16    XL:     6   Next: 70%
MP:   6/6           EV: 13    Int: 16    God:    Hepliaklqana [*.....]
Gold: 111           SH:  0    Dex: 13    Spells: 5/5 levels left

rFire   + .          .
                       - Unarmed
rCold   + . .        (no shield)
rNeg    . . .        (helmet currently unavailable)
rPois   +            (no amulet)
rElec   +            j - +6 ring of intelligence
rCorr   +            (no ring)
SInv    .            (no ring)
Will    .....        (no ring)
Stlth   ++           (no ring)
HPRegen 0.25/turn    (no ring)
MPRegen 0.10/turn    (no ring)
                     (no ring)

%: no passive effects
@: beast-form, resistant, drained
A: beast (slay +3), reduced essence, almost no armour, amphibious, 8 rings,
camouflage 1, gelatinous body 1, (nimble swimmer 1), tentacles
a: Begin Untransformation, Renounce Religion, Recall Ancestor, Ancestor Identity


You were on level 3 of the Dungeon.
You worshipped Hepliaklqana.
Hepliaklqana was aware of your devotion.
You were a hulking beast.
You visited 1 branch of the dungeon, and saw 4 of its levels.

You collected 111 gold pieces.

Inventory:

Hand Weapons
 a - a +0 arbalest
Jewellery
 j - a +6 ring of intelligence (left tentacle)
Talismans
 b - a beast talisman
Scrolls
 f - a scroll of teleportation {unknown}
 g - a scroll of brand weapon {unknown}
 h - a scroll of fog {unknown}
 i - 5 scrolls of identify {unknown}
 l - a scroll of acquirement {unknown}
Potions
 c - a potion of degeneration {unknown}
 d - a potion of resistance
 e - 2 potions of enlightenment {unknown}
 k - a potion of might {unknown}
 m - a potion of ambrosia {unknown}
 n - a potion of attraction {unknown}
 o - 2 potions of curing {unknown}


   Skills:
 - Level 1.0 Fighting
 - Level 2.0 Dodging
 * Level 6.2 Unarmed Combat
 + Level 4.3 Shapeshifting


You had 5 spell levels left.
You didn't know any spells.
Your spell library contained the following spells:

 Spells                   Type           Power      Damage    Failure   Level
 Summon Small Mammal      Summ           0%         N/A       26%         1
 Call Canine Familiar     Summ           0%         N/A       58%         3
 Summon Guardian Golem    Hex/Summ       0%         N/A       58%         3
 Vhi's Electric Charge    Tloc/Air       0%         N/A       58%         3
 Arcjolt                  Conj/Air       0%         1d10      100%        5
 Maxwell's Capacitive Co  Air            0%         ∞         100%        8


Dungeon Overview and Level Annotations

Branches:
Dungeon (4/15)
 Temple: D:4-7

Altars:
Hepliaklqana


Innate Abilities, Weirdness & Mutations

You are a hulking beast.
Your limbs bulge with bestial killing power. (Slay +3)
Your life essence is reduced to manifest your ancestor. (-10% HP)
You cannot wear most types of armour.
You are amphibious.
You can wear up to eight rings at the same time.
Your skin changes colour to match your surroundings (Stealth+).
Your rubbery body absorbs attacks. (AC +1, EV +1)
((You are camouflaged when in or above water. (Stealth+)))
You have tentacles for arms and can constrict up to eight enemies at once.


Message History

The orc dies!
The orc closely misses you. The orc hits you with a +0 short sword.
The orc hits you with a +0 hand axe.
You tentacle-slap the orc but do no damage.
You squeeze the orc.
The orc is almost dead.
You constrict the orc.
You kill the orc!
Kendra barely misses the orc.
The orc barely misses you. The orc misses you.
The gnoll hits you with a +1 whip of draining.
You feel drained. The orc closely misses you.
The orc hits Kendra with a +0 war axe.
The orc misses you. The orc hits you but does no damage.
The gnoll hits you with a +1 whip of draining!
* * * LOW HITPOINT WARNING * * *
You feel drained.
* * * LOW HITPOINT WARNING * * *
You climb upwards.
There is a stone staircase leading down, spattered with blood here.
It was a potion of resistance.
You feel protected. The gnoll closely misses you.
The orc hits you with a +0 war axe.
* * * LOW HITPOINT WARNING * * *
The orc barely misses you.
You barely miss the gnoll. You grab the gnoll. You constrict the gnoll.
The gnoll closely misses you. The orc misses you. The orc closely misses you.
Unknown command.
You bludgeon the gnoll!
You kill the gnoll!
Unknown command.
You tentacle-slap the orc but do no damage.
You grab the orc. You squeeze the orc!
You kill the orc!
The orc barely misses you.
Unknown command.
You tentacle-slap the orc. You grab the orc.
The orc is moderately wounded.
You constrict the orc, but do no damage.
The orc hits you with a +0 hand axe.
You die...

######.#R######...#
#.....###.........#
#.####(#.######...#
####.# ##.## ##.##
#....# ### #.#
#.#### #.# #.# #.#
#.# ######## #.#
#.# #h)....#
####.## #.#
#o)....# #.....#
#.# #......#
#.....# #.#
#......# #.....#
#.#
#......#####.####
#.## #............#
#..# ############.#
##.# #...#####.#
#.# ###..<......#


You could see an orc.

Vanquished Creatures
  An orc priest (D:3)
  Jessica (D:3)
  Robin (D:3)
  A gnoll (D:3)
  3 adders
  A worm (D:2)
  4 dart slugs
  3 orcs
  8 ball pythons
  5 endoplasms
  3 giant cockroaches
  13 goblins
  7 hobgoblins
  2 jackals (D:2)
  4 quokkas
  5 bats
  2 frilled lizards
  2 kobolds
  2 rats (D:2)
68 creatures vanquished.

Vanquished Creatures (collateral kills)
  Sigmund (D:3)
  A worm (D:3)
  2 orcs (D:4)
  2 goblins (D:3)
  2 hobgoblins (D:3)
8 creatures vanquished.

Vanquished Creatures (others)
  An ancestor (D:3)
1 creature vanquished.

Grand Total: 77 creatures vanquished

Notes
Turn   | Place    | Note
-------+----------+-------------------------------------------
     0 | D:1      | LeprechaunX the Octopode Shapeshifter began the quest for
                  | the Orb.
     0 | D:1      | Reached XP level 1. HP: 13/13 MP: 1/1
   228 | D:1      | Reached XP level 2. HP: 15/18 MP: 2/2
   716 | D:2      | Found a hazy altar of Hepliaklqana.
   720 | D:2      | Became a worshipper of Hepliaklqana the Forgotten
   812 | D:2      | Reached XP level 3. HP: 23/23 MP: 3/3
   913 | D:2      | Reached skill level 4 in Unarmed Combat
  1105 | D:2      | Reached XP level 4. HP: 27/28 MP: 4/4
  1524 | D:3      | Reached * piety under Hepliaklqana
  1663 | D:3      | Noticed Robin
  1772 | D:3      | Killed Robin
  1835 | D:3      | Noticed Jessica
  1840 | D:3      | Killed Jessica
  1841 | D:3      | Reached XP level 5. HP: 29/29 MP: 5/5
  1846 | D:3      | Reached skill level 5 in Unarmed Combat
  1950 | D:3      | Found a faded altar of an unknown god.
  2020 | D:3      | Noticed Sigmund
  2042 | D:3      | Killed Sigmund
  2043 | D:3      | Reached XP level 6. HP: 26/34 MP: 6/6
  2239 | D:3      | Reached skill level 6 in Unarmed Combat
  2382 | D:3      | Slain by an orc

Illustrated notes

Levels and vault maps discovered:
D:1:      scummos_arrival_checkerplants, layout_loops_ring
D:2:      layout_loops_cross, basic_altar, minmay_quantized
D:3:      layout_loops_cross, basic_ecumenical_altar, uniq_robin, uniq_jessica,
          uniq_sigmund
D:4:      layout_basic

Skill      XL: |  1  2  3  4  5  6 |
---------------+-------------------+-----
Unarmed Combat | 4 5 6 |  6.2
Shapeshifting  | 4 |  4.3
Fighting       | |  1.0
Dodging        | |  2.0

Action                     |  1- 3 |  4- 6 || total
---------------------------+-------+-------++-------
  Melee: Unarmed           |    68 |    59 ||   127
         Constrict         |    17 |    24 ||    41
         Tentacles         |    10 |    11 ||    21
         Punch             |       |     2 ||     2
    Use: Potion            |       |     2 ||     2
   Stab: Sleeping          |     6 |     5 ||    11
 Armour: Skin              |     4 |     7 ||    11
  Dodge: Dodged            |    30 |    36 ||    66

Table legend: (Time is in decaauts)
 A = Elapsed time spent in this place.
 B = Non-inter-level travel time spent in this place.
 C = Inter-level travel time spent in this place.
 D = Time resting spent in this place.
 E = Time spent auto-exploring this place.
 F = Levels seen in this place.
 G = Mean time per level.
                   A        B        C        D        E       F      G
               +--------+--------+--------+--------+--------+-----+--------+
         Total |   2371 |   2269 |    102 |     50 |   1796 |   4 |  592.8 |
       Dungeon |   2371 |   2269 |    102 |     50 |   1796 |   4 |  592.8 |
               +--------+--------+--------+--------+--------+-----+--------+

Top non-repeatable levels by time:
     D:3: 868 daAuts
     D:2: 775 daAuts
     D:1: 713 daAuts
     D:4: 13 daAuts
